[Event "85th Tata Steel Masters 2023"]
[Site "Wijk aan Zee"]
[Date "2023.01.25"]
[Round "10.1"]
[White "Abdusattorov, Nodirbek"]
[Black "Ding, Liren"]
[Result "1/2-1/2"]
[ECO "C67"]
[WhiteElo "2713"]
[BlackElo "2811"]
[Annotator "TA"]
[PlyCount "53"]
[EventDate "2023.01.10"]
[EventType "tourn"]
[EventCountry "NED"]
[SourceTitle "playchess.com"]
[Source "ChessBase"]
[SourceQuality "1"]
[TimeControl "40/6000+30:30/3000+30:900+30"]

1. e4 e5 2. Nf3 Nc6 3. Bb5 Nf6 4. O-O Nxe4 5. Re1 Nd6 6. Nxe5 Be7 7. Bf1 Nxe5 8. Rxe5 O-O {[%emt 0:00:05] The position is equal.} 9. Nc3 {[%emt 0:03:11] C67: Ruy Lopez: Berlin Defence: 4 0-0 Nxe4.} Bf6 10. Re1 Re8 11. Rxe8+ Nxe8 12. Nd5 Bg5 13. d4 {[%emt 0:00:48] [#] Bxg5 is the strong threat.} Bxc1 14. Rxc1 c6 15. Ne3 d5 16. c4 dxc4 17. Bxc4 Bd7 18. d5 {[%emt 0:04:20] [#]} Rc8 $146 ({Predecessor:} 18... Nf6 19. b4 cxd5 20. Nxd5 Bc6 21. Nxf6+ Qxf6 22. b5 Rd8 {½-½ Stukalov,M (2202)-Guerra,R (2221) W-ch WS/M/628 email 2017}) 19. dxc6 Bxc6 20. Qb3 Nd6 21. Rd1 {[%emt 0:00:07] [#] And now Qb4 would win.} Qf6 22. Bd5 h6 23. h3 Qe5 24. Kf1 Bb5+ 25. Kg1 Bc6 26. Kf1 Bb5+ 27. Kg1 {[%emt 0:00:06] Not much happened in this game.   Weighted Error Value: White=0.03 (flawless) /Black=0.01 (flawless)} 1/2-1/2

[Event "85th Tata Steel Masters 2023"]
[Site "Wijk aan Zee"]
[Date "2023.01.25"]
[Round "10.2"]
[White "So, Wesley"]
[Black "Giri, Anish"]
[Result "1/2-1/2"]
[ECO "E05"]
[WhiteElo "2760"]
[BlackElo "2764"]
[Annotator "TA"]
[PlyCount "67"]
[EventDate "2023.01.10"]
[EventType "tourn"]
[EventCountry "NED"]
[SourceTitle "playchess.com"]
[Source "ChessBase"]
[SourceQuality "1"]
[TimeControl "40/6000+30:30/3000+30:900+30"]

1. Nf3 d5 2. g3 Nf6 3. Bg2 e6 4. O-O Be7 5. c4 O-O 6. d4 dxc4 7. Qc2 a6 8. a4 Bd7 9. Qxc4 Bc6 10. Bg5 Nbd7 11. Nc3 h6 {[%emt 0:00:11] [#] aiming for ...Nb6.} 12. Bd2 {[%emt 0:00:04] E05: Open Catalan: 5 Nf3 Be7.} (12. Bxf6 Nxf6 13. b4 Bd5 14. Nxd5 exd5 15. Qb3 c6 16. e3 Bd6 17. Rab1 Qe7 18. Rfd1 g6 19. Ne1 Kg7 20. b5 axb5 21. axb5 Qd7 22. Nd3 {½-½ So,W (2776)-Giri,A (2779) Sinquefield Cup 7th 2019 (3)}) 12... a5 13. Qd3 Bb4 14. Rfe1 {[%emt 0:01:54] The position is equal.} Re8 15. Qc2 Bxc3 {[%emt 0:00:58] [#]} 16. Bxc3 $146 ({Predecessor:} 16. bxc3 Be4 17. Qb2 Ra6 18. Red1 Bd5 19. Bf4 Rb6 20. Qc1 Bb3 21. Rd2 Nd5 22. Rb2 {½-½ Bhattacharjea,R (1863)-Fernandes,J (1866) POR-USA email 2018 [35]}) 16... Be4 17. Qd1 b6 18. Ne5 Bxg2 19. Nxd7 Qxd7 20. Kxg2 Ne4 21. Qd3 Nxc3 22. bxc3 Rad8 23. Red1 c5 24. Qf3 cxd4 25. cxd4 b5 26. axb5 Qxb5 27. Rdb1 Qd5 28. Qxd5 Rxd5 $11 {[%emt 0:00:03][%mdl 4096] Endgame KRR-KRR} 29. e3 e5 30. dxe5 Rdxe5 31. Rb7 Ra8 {[%emt 0:00:44] Repels Ra7} 32. Ra4 Kf8 33. h4 h5 34. Kf3 {[%emt 0:00:29] A rather calm draw.   Weighted Error Value: White=0.03 (flawless) /Black=0.04 (flawless)} 1/2-1/2

[Event "85th Tata Steel Masters 2023"]
[Site "Wijk aan Zee"]
[Date "2023.01.25"]
[Round "10.3"]
[White "Maghsoodloo, Parham"]
[Black "Carlsen, Magnus"]
[Result "0-1"]
[ECO "D35"]
[WhiteElo "2719"]
[BlackElo "2859"]
[Annotator "TA"]
[PlyCount "112"]
[EventDate "2023.01.10"]
[EventType "tourn"]
[EventCountry "NED"]
[SourceTitle "playchess.com"]
[Source "ChessBase"]
[SourceQuality "1"]
[TimeControl "40/6000+30:30/3000+30:900+30"]

1. d4 d5 2. c4 e6 3. Nc3 Nf6 4. cxd5 exd5 5. Bg5 Be7 (5... c6 6. e3 h6 7. Bh4 Be7 8. Bd3 O-O 9. Nge2 Ne8 10. Bg3 Nd6 11. O-O Re8 12. Qc2 Bf8 13. Rae1 a5 14. Nf4 Na6 15. a3 Qf6 16. f3 b5 {½-½ Maghsoodloo,P (2721)-Carlsen,M (2856) EU-Cup 37th Mayrhofen 2022 (7.1)}) 6. e3 h6 7. Bh4 Bg4 $5 {[%emt 0:01:23][%mdl 4] [#] A promising side line. D35: Queen's Gambit Declined: Exchange Variation.} 8. Qa4+ $146 ({Predecessor:} 8. f3 Be6 9. Bd3 O-O 10. Nge2 c5 11. Rc1 Nc6 12. O-O cxd4 13. Nxd4 Nxd4 14. exd4 Re8 15. Bc2 {½-½ Narkun,M (2375)-Woelfelschneider,P (2275) RM-2014-0-00140}) 8... c6 9. Bd3 {[%emt 0:00:26] Inhibits Bf5.} O-O {[%emt 0:02:35] White has an edge.} 10. h3 Bh5 11. Qc2 c5 12. g4 cxd4 13. exd4 Bg6 14. Bxg6 fxg6 15. Qxg6 Nxg4 {[%emt 0:00:33][%mdl 64] [#] Discovered Attack} 16. Qe6+ Rf7 17. hxg4 (17. Bg3 $5 Nf6 $8 18. Nf3 $11) 17... Bxh4 18. Nf3 $1 (18. Qxd5 $2 Bxf2+ 19. Kf1 Qxd5 20. Nxd5 Nc6 $19) 18... Qf6 {[%emt 0:07:52] Repels Ne5} 19. Qxf6 Bxf6 20. Nxd5 Nc6 21. Rd1 Re8+ 22. Ne3 Re4 23. d5 Nb4 24. d6 (24. Nd2 $5 Rd4 25. Ndc4 $11) 24... Nc2+ (24... Bxb2 $2 25. d7 Nc6 26. d8=R+ $18) 25. Ke2 Nxe3 26. fxe3 Rxg4 27. Rd5 (27. d7 {with more complications.} Rf8 28. Kf2 Bd8 29. Rh5) 27... Rd7 ({Don't play} 27... Bxb2 28. d7 Bf6 29. d8=Q+ (29. d8=B Rg2+ 30. Kd3 Rxa2 $16) (29. d8=R+ Bxd8 30. Rxd8+ Rf8 $16) 29... Bxd8 30. Rxd8+ Rf8 31. Rxf8+ Kxf8 32. Rh2 $16) (27... Rg2+ 28. Kd3 $14) 28. Rf1 {[%emt 0:01:22] White is on the road to losing.} (28. Rc1 $15) 28... Bxb2 $17 29. Rd3 (29. Rb1 $17) 29... Bf6 30. Rd5 Rb4 31. Rfd1 {[%emt 0:03:47] [#]} (31. Nd2 $17 {was worth a try.}) 31... Kf7 $1 $19 32. R1d3 Ke6 33. Nd2 Ra4 34. a3 Rxa3 {[%emt 0:02:03][%mdl 64] Deflection} 35. Rxa3 Kxd5 36. Rxa7 Kxd6 {[%emt 0:00:07][%mdl 4096] Endgame KRB-KRN} ({Worse is} 36... Rxd6 37. Rxb7 Ra6 38. Kf3 $17) 37. Ne4+ Kd5 38. Nxf6+ (38. Kf3 {might work better.}) 38... gxf6 {[%emt 0:00:01] KR-KR} 39. Ra5+ $2 (39. Kd3) 39... Kc4 40. Rf5 Rd6 {[%emt 0:00:42] White must now prevent ...b5.} 41. Rf4+ Kb3 {[%emt 0:51:05] aiming for ...b5.} 42. Rf5 Ka4 {[%emt 0:00:08] Hoping for ...b5.} 43. Rf4+ $2 (43. Rf1 b5 44. Ra1+ Kb4 45. Rb1+ Kc5 46. Rc1+ Kb6 47. Rb1) 43... Ka5 {[%emt 0:00:38] ...b5 is the strong threat.} 44. Rh4 b5 {[%emt 0:00:07][%cal Bb7b5,Bb5b4][%mdl 32] ( -> ...b4)} 45. Rxh6 b4 46. e4 Ka4 47. e5 Re6 (47... fxe5 {gets mated.} 48. Rxd6 Kb5 49. Ke3 Kc5 50. Rd8 Kc4 51. Rc8+ Kd5 52. Kd3) 48. Rxf6 Rxe5+ {[%emt 0:00:00] Black mates.} 49. Kd1 Rc5 50. Ra6+ Kb3 51. Rd6 Ka3 52. Ra6+ Kb2 53. Rd6 b3 54. Rd8 Kb1 55. Kd2 b2 56. Ra8 Rd5+ {[%emt 0:00:00] Weighted Error Value: White=0.69/Black=0.11 (very precise)} 0-1

[Event "85th Tata Steel Masters 2023"]
[Site "Wijk aan Zee"]
[Date "2023.01.25"]
[Round "10.4"]
[White "Rapport, Richard"]
[Black "Aronian, Levon"]
[Result "1/2-1/2"]
[ECO "C67"]
[WhiteElo "2740"]
[BlackElo "2735"]
[Annotator "TA"]
[PlyCount "70"]
[EventDate "2023.01.10"]
[EventType "tourn"]
[EventCountry "NED"]
[SourceTitle "playchess.com"]
[Source "ChessBase"]
[SourceQuality "1"]
[TimeControl "40/6000+30:30/3000+30:900+30"]

1. e4 e5 2. Nf3 Nc6 3. Bb5 Nf6 4. O-O Nxe4 5. Re1 Nd6 6. Nxe5 Be7 7. Bf1 Nxe5 8. Rxe5 O-O 9. d4 Bf6 10. Re1 {[%emt 0:01:49] The position is equal.} Re8 {[%emt 0:00:33] C67: Ruy Lopez: Berlin Defence: 4 0-0 Nxe4.} 11. c3 Rxe1 12. Qxe1 Ne8 13. Bd3 d5 14. Bf4 g6 15. Nd2 Ng7 16. Qe2 c6 17. Re1 Bf5 18. Bxf5 Nxf5 19. Nf3 Ng7 20. Be5 Ne6 21. Bxf6 Qxf6 22. Ne5 Re8 23. Ng4 Qd8 24. Qe5 {[%emt 0:00:10] aiming for Nf6+.} Ng7 25. Qxe8+ {[%emt 0:00:06][%mdl 64] [#] Decoy} ({Don't go for} 25. Nh6+ $2 Kf8 26. Nxf7 Rxe5 $19) 25... Nxe8 26. Rxe8+ {[%emt 0:00:07][%mdl 64] Remove Defender} Qxe8 27. Nf6+ Kf8 28. Nxe8 Kxe8 29. f4 f5 30. b4 b5 31. Kf2 {[%emt 0:00:06] [#] A rather calm draw.   Weighted Error Value: White=0.02 (flawless) /Black=0.01 (flawless)} {Predecessor:} Kf7 $146 32. Kf3 Kf6 33. Kf2 Kf7 34. Kf3 Kf6 35. Kf2 Kf7 {½-½ Anand,V (2753)-Grischuk,A (2778) Zagreb GCT Blitz 2021 (18)} 1/2-1/2

[Event "85th Tata Steel Masters 2023"]
[Site "Wijk aan Zee"]
[Date "2023.01.25"]
[Round "10.5"]
[White "Caruana, Fabiano"]
[Black "Erigaisi Arjun"]
[Result "1/2-1/2"]
[ECO "C90"]
[WhiteElo "2766"]
[BlackElo "2722"]
[Annotator "TA"]
[PlyCount "77"]
[EventDate "2023.01.10"]
[EventType "tourn"]
[EventCountry "NED"]
[SourceTitle "playchess.com"]
[Source "ChessBase"]
[SourceQuality "1"]
[TimeControl "40/6000+30:30/3000+30:900+30"]

1. e4 e5 2. Nf3 Nc6 3. Bb5 a6 4. Ba4 Nf6 5. O-O Be7 6. d3 b5 7. Bb3 d6 8. a4 Bd7 9. c3 O-O 10. Bc2 Re8 11. Re1 h6 12. Nbd2 Bf8 13. Nf1 {[%emt 0:05:41] C90: Closed Ruy Lopez with 7...d6: Early deviations.} d5 14. exd5 Nxd5 15. Ng3 b4 16. Bd2 bxc3 17. bxc3 Nf6 18. a5 Rb8 19. Ba4 Bd6 (19... Nxa5 $2 20. Bxd7 (20. Rxe5 Bxa4 21. Rxa4 Qxd3 $15) 20... Qxd7 21. Rxa5 $18) 20. h3 {[%emt 0:02:06] [#]} Ne7 $146 ({Predecessor:} 20... Na7 21. Bc2 Nb5 22. Qc1 Bc6 23. Nh4 Bf8 24. Nhf5 Qd5 25. Ne3 Qc5 26. Ra4 Nd6 {1-0 So,W (2772)-Le,Q (2709) Chessable Masters KO rapid 2021 (3.11)}) 21. Bc2 Ng6 22. Rb1 Rxb1 23. Qxb1 Bc6 24. Ne4 Nxe4 25. dxe4 Bc5 26. Be3 Bxe3 27. Rxe3 Nf4 28. Kh2 Qd6 (28... Qd7 {is interesting.} 29. Bb3 Kh7 30. Qa2 f6) 29. g3 Ne6 30. Bd3 Nc5 {[%emt 0:01:09] next ...Nxd3 is good for Black.} 31. Be2 g6 32. h4 h5 33. Qb4 Kg7 34. Nd2 {[%emt 0:05:03][%mdl 64] [#] Deflection} Re6 {[%emt 0:04:46] The position is equal.} 35. Nf3 Re8 36. Nd2 {[%emt 0:01:47][%mdl 64] Deflection} Ba4 37. Nf3 Bc6 38. Nd2 {[%emt 0:00:06][%mdl 64] [#] Deflection} Ba4 39. Nf3 {[%emt 0:01:25] Not much happened in this game.   Weighted Error Value: White=0.05 (flawless) /Black=0.04 (flawless)} 1/2-1/2

[Event "85th Tata Steel Masters 2023"]
[Site "Wijk aan Zee"]
[Date "2023.01.25"]
[Round "10.6"]
[White "Gukesh D"]
[Black "Praggnanandhaa R"]
[Result "1-0"]
[ECO "A33"]
[WhiteElo "2725"]
[BlackElo "2684"]
[Annotator "TA"]
[PlyCount "79"]
[EventDate "2023.01.10"]
[EventType "tourn"]
[EventCountry "NED"]
[SourceTitle "playchess.com"]
[Source "ChessBase"]
[SourceQuality "1"]
[TimeControl "40/6000+30:30/3000+30:900+30"]

1. c4 c5 2. Nf3 Nf6 3. Nc3 Nc6 4. d4 cxd4 5. Nxd4 e6 6. a3 Be7 7. e4 O-O {[%emt 0:00:28] A33: Symmetrical English: 2 Nf3 Nf6 3 d4 cxd4 4 Nxd4 e6 5 Nc3 Nc6.} 8. Nf3 Qa5 9. Bd2 Qh5 {[%emt 0:00:43] The position is equal.} 10. Rg1 $5 {[%emt 0:00:44][%mdl 4] [#] Exploring less charted territory.} d5 $146 ({Predecessor:} 10... a6 11. h3 Ne5 12. g4 Nxf3+ 13. Qxf3 Qc5 14. g5 Ne8 15. h4 b5 16. cxb5 axb5 17. Bxb5 {0-1 Giri,A (2764)-Nepomniachtchi,I (2784) Legends of Chess Final 2020 (1.22)}) 11. g4 $1 {[%emt 0:02:11][%mdl 64] Deflection} Nxg4 {[%emt 0:00:32] And now ...dxe4 would win.} 12. cxd5 (12. exd5 exd5 13. Nxd5 (13. cxd5 $2 Bc5 $19) 13... Nxh2 14. Nxe7+ Nxe7 15. Nxh2 Qxh2 $17) 12... exd5 13. Nxd5 Bc5 14. Qe2 {[%emt 0:00:20] Threatens to win with h3.} f5 (14... Nxh2 $2 15. Nf6+ Kh8 16. Nxh5 $18) (14... Bxf2+ $2 15. Qxf2 Nxf2 16. Nf6+ Kh8 17. Nxh5 $18) 15. Nf4 Qf7 16. Rg2 (16. Ng5 $11 {is more appropriate.} Qe7 17. O-O-O) 16... Qe7 $2 {[%emt 0:42:39] [#]} (16... fxe4 $15 {stays ahead.} 17. Ng5 Qf5 18. Rxg4 Qxg4 19. Qc4+ Kh8 20. Qxc5 Rf5) 17. e5 $1 $16 Ncxe5 {[%emt 0:06:50] [#]} (17... b5 18. Bc3) 18. O-O-O $1 Bd6 19. Bc3 {[%emt 0:09:32][%cal Od1d6] Black must now prevent Rxd6!} Nxf3 20. Qxf3 Be6 {[%emt 0:00:47] Prevents Bc4.} 21. h3 ({White should try} 21. Nxe6 $16 Qxe6 22. h3 (22. Qxb7 Be5 $11)) 21... Be5 22. Nxe6 $18 (22. hxg4 fxg4 23. Nd5 gxf3 $15) 22... Qxe6 23. hxg4 Bxc3 24. bxc3 {[%emt 0:00:26] aiming for gxf5.} Rad8 25. gxf5 (25. Qxb7 Rxd1+ 26. Kxd1 Rd8+ 27. Kc2 (27. Kc1 $2 Qe1+ 28. Kb2 Rd2+ 29. Kb3 Qb1+ {[%mdl 64] Skewer} 30. Ka4 Qxb7 $19) 27... Qa2+ 28. Qb2 Rd2+ 29. Kxd2 Qxb2+ 30. Ke3 Qxc3+ 31. Ke2 Qb2+ 32. Kf3 Qxa3+ 33. Ke2 Qb2+ 34. Kf3 Qc3+ 35. Ke2 Qc2+ 36. Ke3 f4+ 37. Kd4 f3 $19) (25. Rxd8 $18 Rxd8 26. Qe2 (26. gxf5 $2 Qe1+ 27. Kc2 Rd2+ 28. Kb3 Qxf1 $19) 26... Qxe2 27. Bxe2) 25... Rxd1+ $2 {[%emt 0:07:29] Loses the game.} (25... Qa2 $16 {might work better.}) 26. Qxd1 ({Not} 26. Kxd1 Rd8+ 27. Bd3 Qb3+ 28. Ke2 Qb2+ 29. Kd1 Qb3+ 30. Ke2 Qb2+ 31. Kd1 Qb3+ $11) 26... Qa2 27. Bd3 Re8 $2 (27... Qxa3+ 28. Kd2 (28. Kb1 Kh8 $18) 28... Qb2+ 29. Qc2 Qxc2+ 30. Kxc2 Kf7) 28. Rg4 {[%emt 0:05:24] White threatens Bc4+ and mate.} Qxa3+ 29. Kd2 ({Weaker is} 29. Kb1 Qxc3 30. Bc4+ Kh8 $18) 29... Qb2+ 30. Qc2 Qb6 (30... Qxc2+ {was necessary.} 31. Bxc2 Kf8) 31. Qa2+ Kh8 32. Rd4 Qh6+ 33. Kc2 {[%emt 0:00:09][%cal Oa2f7] Qf7! is the strong threat.} Qh2 34. Qf7 {[%emt 0:01:13][%cal Rf7e8] White mates.} Qxf2+ 35. Kb3 Rg8 36. Bc4 Rb8 37. Qe7 ({Less strong is} 37. Rg4 Qb6+ 38. Kc2 Qf2+ 39. Kb3 Qb6+ 40. Ka2 Qf2+ 41. Ka3 Qc5+ 42. Kb2 Qf2+ 43. Ka3 Qc5+ 44. Kb3 Qb6+ $16) 37... h5 38. Qg5 Qf3 39. Rh4 Qd1+ 40. Kb2 {[%emt 0:00:05] Weighted Error Value: White=0.18 (very precise) /Black=0.59} 1-0

[Event "85th Tata Steel Masters 2023"]
[Site "Wijk aan Zee"]
[Date "2023.01.25"]
[Round "10.7"]
[White "Van Foreest, Jorden"]
[Black "Keymer, Vincent"]
[Result "1/2-1/2"]
[ECO "C96"]
[WhiteElo "2681"]
[BlackElo "2696"]
[Annotator "TA"]
[PlyCount "191"]
[EventDate "2023.01.10"]
[EventType "tourn"]
[EventCountry "NED"]
[SourceTitle "playchess.com"]
[Source "ChessBase"]
[SourceQuality "1"]
[TimeControl "40/6000+30:30/3000+30:900+30"]

1. e4 e5 2. Nf3 Nc6 3. Bb5 a6 4. Ba4 Nf6 5. O-O Be7 6. Re1 b5 7. Bb3 O-O 8. d3 d6 9. c3 Na5 10. Bc2 c5 11. h3 Nc6 12. Nbd2 h6 13. a4 b4 14. d4 bxc3 15. bxc3 cxd4 16. cxd4 exd4 17. Bb2 Rb8 18. Nxd4 Bd7 19. Nxc6 Bxc6 20. Bd4 Nd7 21. Nc4 Rb4 22. Qe2 (22. Qg4 Bf6 $17) 22... Bf6 23. Red1 Bxd4 24. Rxd4 Qg5 (24... Qf6 25. e5 Nxe5 26. Nxe5 (26. Rxd6 $2 Nf3+ {[%mdl 64] Discovered Attack} 27. gxf3 Qxa1+ 28. Kg2 Bb7 $19) 26... Rxd4 27. Nxc6 $16) 25. Rdd1 (25. Rxd6 Qc5 26. Rxc6 Qxc6 $17) 25... Ne5 26. Nxd6 g6 (26... a5 $14) 27. Rab1 (27. Ra3 $16) 27... Rxb1 28. Rxb1 Bd7 29. Rf1 (29. Qxa6 $2 Bxh3 30. Kf1 (30. Qf1 {gets mated.} Nf3+ 31. Kh1 Bxg2+ 32. Qxg2 Qh5+) 30... Bxg2+ 31. Ke2 Rd8 $19) 29... Qf6 (29... Nc6 $11) 30. Qd2 (30. Qxa6 $2 {perishes.} Nf3+ 31. gxf3 Bxh3 $19) 30... g5 31. f4 (31. Nf5 {simplifies} Bxf5 32. exf5 Kg7 33. Qe2) 31... gxf4 32. Rxf4 Qg5 $1 33. Kh2 Bxh3 34. Kxh3 Rd8 $1 35. g3 Qg6 36. Qd5 Qxd6 37. Rf5 Qxd5 38. exd5 Rxd5 39. Bb3 Rd3 40. Rxe5 Rxb3 41. a5 Kg7 42. Rc5 Re3 43. Kh4 Re6 44. g4 Rg6 45. Kh5 Rd6 46. g5 hxg5 47. Kxg5 Rf6 48. Kg4 Kf8 49. Kg5 Rd6 50. Kf5 Ke7 51. Ke4 Re6+ 52. Kf4 Kd7 53. Rf5 f6 54. Rh5 $2 (54. Rd5+ $1 $11 {and White is okay.} Kc6 55. Rd8) 54... Kc6 ({Better is} 54... Re1 $19 {White must now prevent ...Kd6.} 55. Rh7+ Kc6) 55. Rf5 $2 (55. Rh2 $17) 55... Kd6 $1 $19 56. Kf3 Ke7 $1 57. Kf4 Re1 58. Rh5 Kd6 59. Rh2 Re5 60. Rd2+ Ke6 61. Ra2 Rf5+ 62. Kg4 Rd5 63. Ra1 Rd4+ 64. Kh5 Re4 65. Ra2 Re1 66. Kg4 f5+ 67. Kf3 Re5 68. Ra4 Rb5 69. Kf4 Kd6 70. Ra1 Rc5 71. Rb1 Rxa5 72. Rb6+ Kc5 73. Rf6 Kc4 74. Rc6+ Kb5 $2 (74... Kd5 $1 $19 75. Rc8 Ra1 76. Rd8+ Kc6 77. Rc8+ Kb7) 75. Rf6 $1 $11 Ra4+ 76. Kf3 $1 Ra3+ 77. Ke2 Ra2+ 78. Ke1 Ra1+ 79. Ke2 Ra2+ 80. Ke1 Rc2 ({Much worse is} 80... Ra1+ 81. Kd2 $15) 81. Rxf5+ Kb4 82. Kd1 Rc4 83. Rf8 a5 84. Rb8+ Ka3 85. Rb5 a4 86. Kd2 Ka2 87. Rb8 Rh4 88. Kc2 Rh2+ 89. Kc1 a3 90. Rb7 (90. Rc8 $11 {keeps the balance.}) 90... Rb2 (90... Re2 $17 91. Ra7 Rg2) 91. Rc7 $1 $11 Rb6 (91... Rb8 $11) 92. Rc2+ {[%emt 0:00:15] [#]} Ka1 $1 93. Rc3 {[%emt 0:00:28] [#]} Ka2 ({Black should try} 93... Ra6 $1 $17 94. Rc5 Rh6) 94. Rc2+ $11 Kb3 95. Kb1 Rd6 96. Rb2+ 1/2-1/2

[Event "85th Tata Steel Masters 2023"]
[Site "Wijk aan Zee"]
[Date "2023.01.27"]
[Round "11.1"]
[White "Giri, Anish"]
[Black "Abdusattorov, Nodirbek"]
[Result "1/2-1/2"]
[ECO "D20"]
[WhiteElo "2764"]
[BlackElo "2713"]
[Annotator "TA"]
[PlyCount "57"]
[EventDate "2023.01.10"]
[EventType "tourn"]
[EventCountry "NED"]
[SourceTitle "playchess.com"]
[Source "ChessBase"]
[SourceQuality "1"]
[TimeControl "40/6000+30:30/3000+30:900+30"]

1. d4 d5 2. c4 dxc4 3. e4 e5 4. Nf3 Bb4+ 5. Bd2 Bxd2+ 6. Qxd2 {[%emt 0:00:03] D20: Queen's Gambit Accepted: 3 e3 and 3 e4.} exd4 {[%emt 0:00:37] The position is equal.} 7. Nxd4 Nf6 8. Nc3 Qe7 9. O-O-O {[%emt 0:04:46] [#] Hoping for e5.} O-O 10. f3 c5 {[%emt 0:01:19] [#]} 11. Nc2 $146 ({Predecessor:} 11. Nde2 Nc6 12. Nf4 Be6 13. Qd6 Qxd6 14. Rxd6 Rfd8 15. Rxd8+ Rxd8 16. Nxe6 fxe6 17. Bxc4 {½-½ Banikas,H (2571)-Balogh,C (2614) Olympiad-42 Baku 2016 (11.3)}) 11... Nc6 12. Bxc4 Be6 13. Bxe6 fxe6 14. Qd6 Rad8 15. Qxe7 Nxe7 16. Rxd8 Rxd8 17. Rd1 Rxd1+ 18. Nxd1 $11 {[%emt 0:02:54][%mdl 4096] Endgame KNN-KNN} Kf7 19. b4 cxb4 20. Nxb4 e5 21. Ne3 Ke6 22. Kc2 Nd7 23. Kc3 Nc5 24. Kc4 Na4 25. Nd3 {[%emt 0:05:54] Black must now prevent Kb4.} Nb6+ 26. Kb5 {[%emt 0:07:50] [#] aiming for Nc5+.} Nd7 27. Nc5+ Nxc5 28. Kxc5 g5 29. g3 {[%emt 0:16:52] A rather calm draw.   Weighted Error Value: White=0.06 (flawless) /Black=0.02 (flawless)} 1/2-1/2

[Event "85th Tata Steel Masters 2023"]
[Site "Wijk aan Zee"]
[Date "2023.01.27"]
[Round "11.2"]
[White "Carlsen, Magnus"]
[Black "So, Wesley"]
[Result "1/2-1/2"]
[ECO "E42"]
[WhiteElo "2859"]
[BlackElo "2760"]
[Annotator "TA"]
[PlyCount "116"]
[EventDate "2023.01.10"]
[EventType "tourn"]
[EventCountry "NED"]
[SourceTitle "playchess.com"]
[Source "ChessBase"]
[SourceQuality "1"]
[TimeControl "40/6000+30:30/3000+30:900+30"]

1. d4 Nf6 2. c4 e6 3. Nc3 Bb4 4. e3 c5 5. Nge2 d5 6. a3 Bxc3+ 7. Nxc3 cxd4 8. exd4 dxc4 9. Bxc4 Nc6 10. Be3 O-O 11. O-O b6 12. d5 exd5 {[%emt 0:02:28] E42: Nimzo-Indian: Rubinstein: 4...c5 5 Ne2.} 13. Nxd5 Be6 14. Nxf6+ Qxf6 15. Bxe6 Qxe6 16. Rc1 {[%emt 0:03:08] [#]} Rac8 $146 ({Predecessor:} 16... Ne7 17. Re1 Rfd8 18. Qa4 Qf6 19. b4 Nd5 20. h3 h6 21. Qa6 Qf5 22. Re2 Kh7 {0-1 Rubinstein,A-Ahues,C Liege Exposition Tournament 1930 (5)}) 17. Qa4 Na5 18. Qf4 Rxc1 19. Rxc1 Rc8 {[%emt 0:00:06] [#] ( -> ...Rxc1+)} 20. Rxc8+ Qxc8 $11 {[%emt 0:02:01][%mdl 4096] Endgame KQB-KQN} 21. h3 Nc6 22. a4 Qd7 23. Kh2 Qe7 24. Qf3 Qe8 25. b3 h6 26. Qd5 Qe6 27. Qxe6 fxe6 {[%emt 0:00:02] KB-KN} 28. Kg3 Kf7 {[%emt 0:00:10] The position is equal.} 29. Kf4 e5+ 30. Kf5 h5 31. Bd2 g6+ 32. Ke4 {[%emt 0:00:06] [#] Hoping for Kd5.} Ke6 33. Bc3 a6 34. f3 b5 35. g3 b4 36. Be1 Nd4 {[%emt 0:00:38] ...a5 would be deadly.} 37. Bxb4 Nxb3 38. a5 Nd4 39. Bc3 Nb3 40. Bb4 Nd4 41. g4 Ne2 42. Bd2 Ng1 43. h4 {[%emt 0:00:12] Strongly threatening gxh5.} Ne2 44. Be1 Nc1 45. gxh5 gxh5 46. Bc3 Nb3 47. f4 Nc5+ 48. Ke3 Nd7 49. fxe5 Nxe5 50. Kf4 Ng6+ 51. Kg5 Nxh4 52. Kxh4 Kd5 53. Kxh5 {[%emt 0:00:10] KB-KP} Kc4 54. Bg7 Kb4 55. Bf6 Kxa5 56. Bd8+ Kb5 57. Kh6 a5 58. Bxa5 Kxa5 {[%emt 0:00:03] Not much happened in this game.   Weighted Error Value: White=0.01 (flawless) /Black=0.01 (flawless)} 1/2-1/2

[Event "85th Tata Steel Masters 2023"]
[Site "Wijk aan Zee"]
[Date "2023.01.27"]
[Round "11.3"]
[White "Aronian, Levon"]
[Black "Caruana, Fabiano"]
[Result "1/2-1/2"]
[ECO "D33"]
[WhiteElo "2735"]
[BlackElo "2766"]
[Annotator "TA"]
[PlyCount "77"]
[EventDate "2023.01.10"]
[EventType "tourn"]
[EventCountry "NED"]
[SourceTitle "playchess.com"]
[Source "ChessBase"]
[SourceQuality "1"]
[TimeControl "40/6000+30:30/3000+30:900+30"]

1. c4 c5 2. Nf3 Nf6 3. Nc3 e6 4. g3 d5 5. cxd5 exd5 6. d4 Nc6 7. Bg2 cxd4 $1 {[%emt 0:01:40][%mdl 4] is now more promising than 7...Be7.} 8. Nxd4 Bc5 9. Nb3 Bb6 {[%emt 0:00:07] D33: Tarrasch Defence: 6 g3 sidelines.} 10. O-O (10. Bxd5 Nb4 11. Bf3 Qxd1+ 12. Kxd1 Ng4 13. Bxg4 Bxg4 $11) 10... d4 11. Na4 O-O {[%emt 0:00:28] White is slightly better.} 12. Bg5 h6 13. Bxf6 Qxf6 14. Nxb6 axb6 15. Bxc6 bxc6 16. Qxd4 ({Weaker is} 16. Nxd4 Rd8 17. e3 Ba6 $17) 16... Rd8 17. Qxf6 gxf6 18. Rfc1 Be6 19. Kf1 ({Inferior is} 19. Rxc6 Bxb3 20. Rxb6 Rxa2 21. Rxa2 Bxa2 $17) 19... Ra4 {[%emt 0:02:13] [#]} 20. Ke1 $146 ({Not} 20. Rxc6 Bxb3 21. Rxb6 Rxa2 22. Rxa2 Bxa2 $17) ({Predecessor:} 20. Rc3 c5 21. Ke1 c4 22. Nd2 b5 23. Rcc1 Rda8 24. a3 Kg7 25. f3 f5 26. Kf2 {1-0 Iniyan,P (2533)-Song,J (2391) Biel HTO 55th 2022 (5)}) 20... Rda8 $1 {[%emt 0:01:47] [#] ...Bxb3 would be deadly.} 21. Rc3 Rxa2 22. Rxa2 Rxa2 $14 {[%emt 0:00:05][%mdl 4096] Endgame KRB-KRN} 23. Nc1 Rxb2 24. Rxc6 Kg7 25. Nd3 Rb1+ 26. Kd2 f5 27. Nf4 Kf6 28. h4 Ke7 29. Rc7+ Kf6 30. h5 (30. Rb7 $14) 30... Ba2 {[%emt 0:04:18] The position is equal.} 31. Kc2 {[%emt 0:03:41] [#] Ra7 is the strong threat.} Rf1 32. Rc6+ Be6 33. Nd3 Kg7 34. Rxb6 Bc4 35. f3 Bxd3+ $1 36. Kxd3 Rg1 $1 37. Rb5 Kf6 $1 38. Rb6+ Kg7 39. Rb5 {[%emt 0:00:23] Weighted Error Value: White=0.04 (flawless) /Black=0.02 (flawless)} 1/2-1/2